 Dungeon Crawl Stone Soup version 0.18.1-48-g4cf74bf (console) character file.

5223 wip the Spry (level 10, -11/73 HPs)
             Began as a Spriggan Artificer on June 19, 2016.
             Was an Elder of Nemelex Xobeh.
             Mangled by a troll (14 damage)
             ... on level 9 of the Dungeon on July 3, 2016.
             The game lasted 03:00:53 (11712 turns).

wip the Spry (Spriggan Artificer)                  Turns: 11712, Time: 03:00:54

Health: -11/73     AC:  4    Str: 10    XL:     10   Next: 35%
Magic:  16/16      EV: 35    Int: 12    God:    Nemelex Xobeh [****..]
Gold:   567        SH:  0    Dex: 22    Spells: 0 memorised, 9 levels left

rFire  + . .     SeeInvis +     b - +1 short sword
rCold  + . .     Gourm    .     j - +2 robe {rC+ rF+}
rNeg   + . .     Faith    .     (shield restricted)
rPois  .         Spirit   .     (helmet restricted)
rElec  .         Dismiss  .     (no cloak)
rCorr  .         Reflect  .     (gloves unavailable)
SustAt .         Harm     .     (boots unavailable)
MR     +....                    r - amulet of rage
Stlth  ..........               F - ring of positive energy
                                a - ring of flight

@: berserking, very quick, somewhat resistant to hostile enchantments, extremely
unstealthy
A: unfitting armour, see invisible, agile 1, dopey 1, herbivore 3, speed 3, slow
metabolism 2, weak 1
a: Triple Draw, Deal Four, Renounce Religion, Evoke Berserk Rage, Evoke Flight


You were on level 9 of the Dungeon.
You worshipped Nemelex Xobeh.
Nemelex Xobeh was greatly pleased with you.
You were very full.

You visited 2 branches of the dungeon, and saw 13 of its levels.
You also visited: Sewer.

You collected 567 gold pieces.

Inventory:

Hand Weapons
 b - a +1 short sword (weapon)
 J - a +1 dagger of venom
Armour
 j - a +2 robe of resistance (worn)
Jewellery
 a - a ring of flight (left hand)
 r - an amulet of rage (around neck)
 C - a cursed ring of ice {unknown}
 F - a ring of positive energy (right hand)
 L - an uncursed ring of fire
 R - an uncursed ring of resist corrosion {unknown}
Wands
 c - a wand of flame (0/48)
 d - a wand of enslavement (7/24)
 e - a wand of random effects (0/48)
 A - a wand of flame (0/48)
 I - a wand of paralysis (0/24)
 T - a wand of flame (1/48)
Scrolls
 q - 2 scrolls of fog
 y - a scroll of noise {unknown}
 z - 2 scrolls of recharging
 G - a scroll of immolation {unknown}
 O - a scroll of blinking {unknown}
 Y - 3 scrolls of acquirement {unknown}
Potions
 o - 3 potions of flight
 x - 4 potions of degeneration
 D - a potion of lignification
 W - a potion of mutation
 Z - a potion of haste {unknown}
Books
 k - a book of the Warp

   Spells                             Type                      Level
   a - Recall                         Summoning/Translocation      3
   b - Gell's Gravitas                Hexes/Translocation          3
   c - Force Lance                    Conjuration/Translocation    4
   d - Warp Weapon                    Charms/Translocation         5
   e - Summon Forest                  Summoning/Translocation      5
 n - a book of the Dragon

   Spells                             Type                      Level
   a - Flame Tongue                   Conjuration/Fire             1
   b - Cause Fear                     Hexes                        4
   c - Bolt of Fire                   Conjuration/Fire             6
   d - Dragon Form                    Transmutation                7
   e - Dragon's Call                  Summoning                    9
 v - a Necronomicon

   Spells                             Type                      Level
   a - Haunt                          Necromancy/Summoning         7
   b - Borgnjor's Revivification      Necromancy                   8
   c - Death's Door                   Charms/Necromancy            8
   d - Necromutation                  Transmutation/Necromancy     8
 N - a book of Conjurations

   Spells                             Type                      Level
   a - Magic Dart                     Conjuration                  1
   b - Searing Ray                    Conjuration                  2
   c - Dazzling Spray                 Conjuration/Hexes            3
   d - Fulminant Prism                Conjuration/Hexes            4
   e - Iskenderun's Mystic Blast      Conjuration                  4
   f - Iskenderun's Battlesphere      Conjuration/Charms           5
 Q - a book of Changes

   Spells                             Type                      Level
   a - Beastly Appendage              Transmutation                1
   b - Sticks to Snakes               Transmutation                2
   c - Spider Form                    Transmutation/Poison         3
   d - Ice Form                       Ice/Transmutation            4
   e - Blade Hands                    Transmutation                5
 S - a book of Debilitation

   Spells                             Type                      Level
   a - Corona                         Hexes                        1
   b - Slow                           Hexes                        2
   c - Gell's Gravitas                Hexes/Translocation          3
   d - Inner Flame                    Hexes/Fire                   3
   e - Cause Fear                     Hexes                        4
   f - Leda's Liquefaction            Hexes/Earth                  4
 V - a book of Transfigurations

   Spells                             Type                      Level
   a - Irradiate                      Conjuration/Transmutation    5
   b - Statue Form                    Transmutation/Earth          6
   c - Hydra Form                     Transmutation                6
   d - Dragon Form                    Transmutation                7
Comestibles
 f - 3 bread rations
 p - 11 fruits
 B - a slice of pizza


   Skills:
 + Level 3.1 Fighting
 - Level 1.5 Short Blades
 * Level 16.1 Dodging
 * Level 11.2 Stealth
 + Level 7.5 Evocations


You had 9 spell levels left.
You didn't know any spells.

Dungeon Overview and Level Annotations

Branches:
Dungeon (12/15)              Lair (1/8) D:9
 Temple: D:4-7          Orc: D:9-12

Altars:
Cheibriados
Kikubaaqudgha
Nemelex Xobeh
Okawaru
Xom
Yredelemnul

Annotations:
D:1 exclusion: ooze
D:4 exclusions: ogre, phantom and 1 more exclusion, Eustachio, Grinder
D:5 exclusion: player ghost, sarahorange's ghost, novice TrBe
D:7 exclusions: centaur and 2 killer bees
D:8 exclusion: ice beast
D:9 exclusion: 2 killer bees
D:10 Nergalle
D:12 Wotyn's ghost, journeyman OgGl
Lair:1 exclusion: black mamba


Innate Abilities, Weirdness & Mutations

You are tiny and cannot use many weapons and most armour.
You have supernaturally acute eyesight.
You are a herbivore.
You cover ground extremely quickly.
You need consume almost no food.
You are agile. (Dex +2)
You are dopey. (Int -2)
You are weak. (Str -2)


Message History

The yak misses you. The troll completely misses you. The troll misses you. x2
You hit the troll.
The troll is moderately wounded.
The yak completely misses you.
You hit the troll.
The troll is heavily wounded.
The troll misses you. x2; The troll completely misses you.
You closely miss the troll.
The troll is heavily wounded.
The yak completely misses you. The troll completely misses you.
The troll misses you. The troll claws you!
* * * LOW HITPOINT WARNING * * *
You barely miss the troll.
The troll is heavily wounded.
The yak misses you.
You puncture the troll!
The troll is almost dead.
The troll bites you!
You die...
Your body disappears without a glow.

....####..# #.#
.#........# #.#
##..####.## #.#
##.......# #.#
###.###### #.#
....# #.# #.###
#.# #.# #T# #.#
#@# #.# #Y#
#.######## #.#
.........#######.#
..######.........#
### ###########


You could see a yak and a troll.

Vanquished Creatures
  An ugly thing (D:12)
  A troll (D:12)
  A blink frog (Lair:1)
  4 yaks
  A water moccasin (D:6)
  A swamp drake (D:12)
  3 ice beasts
  4 sky beasts
  3 ogres
  A crocodile (Lair:1)
  3 big kobolds
  2 giant frogs
  3 killer bees
  2 howler monkeys
  2 crimson imps (D:8)
  3 hounds
  2 jellies
  A giant frog skeleton (D:5)
  2 orc priests
  4 orc wizards
  A giant frog zombie (D:7)
  2 iguanas
  Natasha (thrice) (D:4)
  4 worker ants
  A hound zombie (D:8)
  4 gnolls
  5 adders
  13 river rats
  A shadow imp (D:8)
  2 oozes
  4 adder zombies
  2 worms
  A dart slug (D:2)
  2 giant geckos (D:4)
  8 orcs
  5 giant cockroaches
  2 gnoll zombies (D:2)
  5 goblins
  7 hobgoblins
  5 jackals
  2 quokkas
  3 ball pythons
  5 bats
  4 giant newts
  A jackal zombie (D:9)
  13 kobolds
  10 rats
159 creatures vanquished.

Vanquished Creatures (collateral kills)
  3 blink frogs (Lair:1)
  A hungry ghost (D:9)
  3 wargs (D:9)
  A porcupine (Lair:1)
  Duvessa (D:4)
  2 big kobolds
  Dowan (D:4)
  8 killer bees
  A crimson imp (D:9)
  2 orc priests (D:4)
  3 orc wizards (D:9)
  A worker ant zombie (D:9)
  An adder (D:8)
  A gnoll (D:8)
  7 orcs
  2 goblins (D:1)
  A jackal (Sewer)
  8 kobolds
  A bat (D:1)
  2 rats (D:3)
50 creatures vanquished.

Vanquished Creatures (others)
  A gnoll (D:8)
  2 hobgoblins (D:1)
  A kobold (D:1)
4 creatures vanquished.

Grand Total: 213 creatures vanquished

Notes
Turn   | Place    | Note
--------------------------------------------------------------
     0 | D:1      | wip the Spriggan Artificer began the quest for the Orb.
     0 | D:1      | Reached XP level 1. HP: 9/9 MP: 4/4
    53 | D:1      | Reached XP level 2. HP: 5/14 MP: 6/6
   830 | D:2      | Reached skill level 4 in Dodging
  1000 | D:2      | Reached XP level 3. HP: 17/17 MP: 7/7
  1183 | D:2      | Found a basalt altar of Yredelemnul.
  1383 | D:2      | Found an iron altar of Okawaru.
  1738 | D:2      | Found a sparkling altar of Nemelex Xobeh.
  1739 | D:2      | Found a shimmering altar of Xom.
  1746 | D:2      | Became a worshipper of Nemelex Xobeh the Trickster
  1757 | D:2      | Received a gift from Nemelex Xobeh
  1874 | D:2      | Reached skill level 5 in Evocations
  1881 | D:3      | Found a glowing drain.
  1903 | D:3      | Reached skill level 5 in Dodging
  1903 | D:3      | Reached XP level 4. HP: 15/21 MP: 8/8
  2043 | Sewer    | Entered a sewer
  2539 | Sewer    | Noticed a big kobold
  2543 | Sewer    | Noticed a wyvern
  2543 | Sewer    | Noticed a wyvern
  2553 | Sewer    | Killed a big kobold
  2553 | Sewer    | Reached XP level 5. HP: 23/25 MP: 9/9
  2563 | Sewer    | Found a white marble altar of Elyvilon.
  2865 | D:3      | Reached skill level 1 in Fighting
  2953 | D:4      | Noticed an ogre
  2969 | D:4      | Reached skill level 6 in Dodging
  3121 | D:4      | Noticed Duvessa
  3121 | D:4      | Noticed Dowan
  3141 | D:4      | Noticed Eustachio
  3166 | D:4      | Killed Duvessa
  3166 | D:4      | Reached skill level 5 in Stealth
  3173 | D:4      | Killed Dowan
  3173 | D:4      | Reached XP level 6. HP: 20/30 MP: 10/10
  3291 | D:4      | Reached * piety under Nemelex Xobeh
  3297 | D:4      | Noticed Natasha
  3324 | D:4      | Reached skill level 7 in Dodging
  3339 | D:4      | Killed Natasha
  3401 | D:4      | Noticed Grinder
  3441 | D:4      | Noticed Natasha
  3460 | D:4      | Killed Natasha
  3567 | D:4      | Noticed Natasha
  3578 | D:4      | Killed Natasha
  3632 | D:4      | Reached skill level 8 in Dodging
  3632 | D:4      | Reached XP level 7. HP: 28/33 MP: 12/12
  3702 | D:5      | Entered Level 5 of the Dungeon
  4158 | D:5      | Noticed sarahorange's ghost (novice TrBe)
  4460 | D:5      | Found a snail-covered altar of Cheibriados.
  4695 | D:5      | Reached skill level 9 in Dodging
  4773 | D:6      | Received a gift from Nemelex Xobeh
  5262 | D:6      | Reached ** piety under Nemelex Xobeh
  5305 | D:7      | Reached skill level 10 in Dodging
  5382 | D:7      | Received a gift from Nemelex Xobeh
  5397 | D:7      | Reached XP level 8. HP: 38/38 MP: 13/13
  6146 | D:8      | Reached skill level 11 in Dodging
  6987 | D:9      | Reached skill level 12 in Dodging
  7250 | D:9      | Reached *** piety under Nemelex Xobeh
  7307 | D:9      | Found an ancient bone altar of Kikubaaqudgha.
  7366 | D:9      | Received a gift from Nemelex Xobeh
  7395 | D:9      | Found a staircase to the Lair.
  7450 | D:9      | Reached XP level 9. HP: 28/43 MP: 14/14
  7798 | D:9      | Reached skill level 13 in Dodging
  8288 | Lair:1   | Entered Level 1 of the Lair of Beasts
  8313 | Lair:1   | Reached skill level 14 in Dodging
  8953 | Lair:1   | Noticed a black mamba
  8985 | Lair:1   | Noticed a four-headed hydra
  9059 | D:10     | Entered Level 10 of the Dungeon
  9059 | D:10     | Noticed a hill giant
  9126 | D:10     | Noticed Nergalle
  9164 | D:10     | Found a sparkling altar of Nemelex Xobeh.
  9168 | D:10     | Noticed a troll
  9170 | D:10     | Upgraded the game from 0.18.1-47-g9310371 to 0.18.1-48-g4cf74bf
  9198 | D:10     | Reached skill level 10 in Stealth
  9351 | D:12     | Received a gift from Nemelex Xobeh
  9360 | D:12     | Noticed a troll
  9365 | D:12     | Killed a troll
  9365 | D:12     | Reached skill level 15 in Dodging
  9521 | D:12     | Noticed Wotyn's ghost (journeyman OgGl)
  9608 | D:12     | Reached XP level 10. HP: 16/47 MP: 16/16
 10517 | D:12     | Noticed a red ugly thing
 10535 | D:12     | Killed a red ugly thing
 10756 | D:12     | Received a gift from Nemelex Xobeh
 11033 | D:11     | Noticed a gargoyle
 11033 | D:11     | Noticed a red ugly thing
 11036 | D:11     | Reached **** piety under Nemelex Xobeh
 11043 | D:10     | Gained mutation: You are agile. (Dex +2) [helix card]
 11500 | D:9      | Gained mutation: You are dopey. (Int -2) [potion of mutation]
 11500 | D:9      | Gained mutation: You are weak. (Str -2) [potion of mutation]
 11506 | D:9      | Reached skill level 16 in Dodging
 11710 | D:9      | HP: 3/73 [troll (12)]
 11712 | D:9      | Mangled by a troll

Skill      XL: |  1  2  3  4  5  6  7  8  9 10 |
---------------+-------------------------------+-----
Dodging        | 4 5 6 8 10 12 15 16 | 16.1
Stealth        | 2 3 5 6 7 9 10 11 | 11.2
Evocations     | 5 6 7 |  7.5
Fighting       | 1 2 3 |  3.1
Short Blades   | |  1.5

Action                   |  1- 3 |  4- 6 |  7- 9 | 10-12 || total
-------------------------+-------+-------+-------+-------++-------
Melee: Short sword       |   116 |   127 |   663 |   142 ||  1048
       Dagger            |     6 |       |       |    10 ||    16
 Abil: Evoke Berserk Rag |       |       |       |     2 ||     2
Evoke: Wand              |    15 |    18 |    31 |    10 ||    74
       Deck              |     1 |    11 |    29 |    18 ||    59
  Use: Scroll            |       |     6 |     9 |     4 ||    19
       Potion            |       |     1 |    12 |     8 ||    21
 Stab: Sleeping          |     5 |     6 |    27 |     1 ||    39
       Distracted        |       |       |     2 |       ||     2
       Paralysed         |       |       |     4 |     1 ||     5
       Invisible         |       |       |       |     2 ||     2
  Eat: Bread ration      |       |     1 |       |       ||     1
       Fruit             |       |       |     4 |     9 ||    13
Armor: Robe              |     9 |     9 |    31 |     8 ||    57
       Skin              |       |       |     4 |       ||     4
Dodge: Dodged            |    96 |   128 |   725 |   320 ||  1269
